 Dungeon Crawl Stone Soup version 0.28-a0-312-gbced6e68ee (webtiles) character file.

Game seed: 14223398161043413434

249 dolemite99 the Poker (level 5, -3/38 HPs)
             Began as a Demonspawn Gladiator on Aug 31, 2021.
             Killed from afar by Robin (28 damage)
             ... with a bolt of acid
             ... on level 3 of the Dungeon.
             The game lasted 00:03:39 (4342 turns).

dolemite99 the Poker (Demonspawn Gladiator)         Turns: 4342, Time: 00:03:40

Health: -3/38      AC:  9    Str: 16    XL:     5   Next: 86%
Magic:  5/5        EV:  7    Int:  9    God:
Gold:   58         SH:  0    Dex: 14    Spells: 4/4 levels left

rFire   . . .      SeeInvis .   a - +0 trident
rCold   + . .      Faith    .   (no shield)
rNeg    . . .      Spirit   .   s - +0 chain mail
rPois   .          Reflect  .   (helmet restricted)
rElec   .          Harm     .   m - +0 cloak
rCorr   .          Rampage  .   (no gloves)
Will    +....                   (no boots)
Stlth   ..........              (no amulet)
HPRegen 0.12/turn               g - ring of willpower
MPRegen 0.09/turn               u - ring of protection from cold

@: no status effects
A: claws 1, horns 2, demonic guardian 1
a: no special abilities


You were on level 3 of the Dungeon.
You visited 1 branch of the dungeon, and saw 3 of its levels.

You collected 58 gold pieces.

Inventory:

Hand Weapons
 a - a +0 trident (weapon)
 c - a +0 dagger
 w - a +0 hunting sling
Missiles
 d - 3 throwing nets (quivered)
 i - 73 stones
 p - 40 arrows
 q - 4 curare-tipped darts
Armour
 b - a +0 leather armour
 m - a +0 cloak (worn)
 s - a +0 chain mail (worn)
Magical Staves
 h - a staff of air
Jewellery
 g - a ring of willpower (left claw)
 k - a ring of magical power
 o - a ring of resist corrosion
 u - a ring of protection from cold (right claw)
 v - a ring of ice
Scrolls
 e - 3 scrolls of teleportation {unknown}
 j - a scroll of fear {unknown}
 l - a scroll of silence {unknown}
 n - a scroll of identify {unknown}
 t - a scroll of enchant weapon {unknown}
Potions
 f - 3 potions of ambrosia {unknown}
 r - a potion of heal wounds {unknown}


   Skills:
 - Level 2.0 Fighting
 + Level 6.1 Polearms
 - Level 1.7 Throwing
 - Level 2.6 Dodging


You had 4 spell levels left.
You didn't know any spells.
Your spell library contained the following spells:

 Spells                   Type           Power      Damage    Failure   Level
 Sting                    Tmut/Pois      0%         1d3       100%        1
 Poisonous Vapours        Pois/Air       0%         N/A       100%        2
 Olgreb's Toxic Radiance  Pois           0%         N/A       100%        4


Dungeon Overview and Level Annotations

Branches:
Dungeon (3/15)

Altars:

Annotations:
D:3 Robin


Innate Abilities, Weirdness & Mutations

You have sharp fingernails.
You have a pair of horns on your head.
A weak demonic guardian rushes to your aid.


Message History

Your quasit closely misses the gnoll.
The gnoll completely misses your quasit.
Your quasit barely misses the gnoll.
Your quasit claws the gnoll.
Your quasit claws the gnoll but does no damage.
Your quasit bites the gnoll but does no damage.
Your quasit closely misses the gnoll.
Your quasit claws the gnoll but does no damage.
The gnoll hits your quasit with a +0 spear.
Your quasit bites the gnoll but does no damage.
Your quasit claws the gnoll.
Your quasit claws the gnoll but does no damage.
The gnoll completely misses your quasit.
Your quasit bites the gnoll but does no damage.
Your quasit claws the gnoll but does no damage.
Your quasit barely misses the gnoll.
Something hits your quasit. What are your orders? t - Shout!
Orders for allies: a - Attack new target. r - Retreat! s - Stop attacking. g - Guard the area. f - Follow me.
Anything else - Cancel.
Guard this area!
Something hits your quasit but does no damage.
Something closely misses your quasit.
You start resting.
Robin is nearby!
Robin is nearby!
What are your orders? t - Shout!
Orders for allies: a - Attack new target. r - Retreat! s - Stop attacking. g - Guard the area. f - Follow me.
Anything else - Cancel.
Guard this area!
Your quasit disappears in a puff of smoke!
The gnoll shouts!
Robin zaps a wand.
The bolt of acid hits you!!
Ouch! That really hurt!
You die...

#...# #.........>..##
'..>######............##
##..........gg.........#
#.......##......g......#
........##..<..........#
........###............#
..#.##### #............#
#.....### #...........##
...##...# #.....@......#
.######.###............#
## #................#
####.##.....(...>#
#.............#
######.......##
##.....## #######


You could see Robin, a gnoll and a hobgoblin.

Vanquished Creatures
  A gnoll shaman (D:2)
  Natasha (thrice) (D:3)
  2 gnolls (D:2)
  3 adders
  6 worms
  3 dart slugs
  6 endoplasms
  3 giant cockroaches
  10 goblins
  10 hobgoblins
  3 jackals (D:1)
  7 quokkas
  5 ball pythons
  4 bats
  4 frilled lizards
  5 kobolds
  2 rats
77 creatures vanquished.

Vanquished Creatures (others)
  A goblin (D:2)
1 creature vanquished.

Grand Total: 78 creatures vanquished

Notes
Turn   | Place    | Note
-------+----------+-------------------------------------------
     0 | D:1      | dolemite99 the Demonspawn Gladiator began the quest for the
                  | Orb.
     0 | D:1      | Reached XP level 1. HP: 16/16 MP: 1/1
    84 | D:1      | Reached skill level 3 in Polearms
   190 | D:1      | Gained mutation: You have a pair of small horns on your
                  | head. [demonic ancestry]
   190 | D:1      | Reached XP level 2. HP: 18/22 MP: 2/2
   652 | D:1      | Gained mutation: You have a pair of horns on your head.
                  | [demonic ancestry]
   652 | D:1      | Reached XP level 3. HP: 3/27 MP: 3/3
  1215 | D:2      | Reached skill level 4 in Polearms
  1582 | D:2      | Found a faded altar of an unknown god.
  1785 | D:2      | You fall into a shaft and drop 1 floor!
  1809 | D:3      | Gained mutation: You have sharp fingernails. [demonic
                  | ancestry]
  1809 | D:3      | Reached XP level 4. HP: 33/33 MP: 4/4
  1963 | D:3      | Noticed Natasha
  1977 | D:3      | Killed Natasha
  2099 | D:3      | Noticed Natasha
  2136 | D:2      | Reached skill level 5 in Polearms
  2818 | D:3      | Gained mutation: A weak demonic guardian rushes to your
                  | aid. [demonic ancestry]
  2818 | D:3      | Reached XP level 5. HP: 38/38 MP: 5/5
  2824 | D:3      | Killed Natasha
  2862 | D:3      | Noticed Robin
  2892 | D:3      | Noticed Natasha
  2897 | D:3      | Killed Natasha
  4044 | D:2      | Reached skill level 6 in Polearms
  4342 | D:3      | Killed from afar by Robin

Illustrated notes

Levels and vault maps discovered:
D:1:      ebering_hopf_link, layout_rooms, serial_park_tiny_2
D:2:      layout_rooms, dreamdust_ecumenical_altar_grove, lemuel_another_geyser
D:3:      layout_rooms, kennysheep_generic_room_14, uniq_robin, uniq_natasha

Skill      XL: |  1  2  3  4  5 |
---------------+----------------+-----
Polearms       | 3 4 5 6 |  6.1
Fighting       | |  2.0
Throwing       | |  1.7
Dodging        | |  2.6

Action                   |  1- 3 |  4- 6 || total
-------------------------+-------+-------++-------
Melee: Trident           |   129 |   102 ||   231
       Headbutt          |    12 |    24 ||    36
 Stab: Sleeping          |       |     1 ||     1
Armor: Leather armour    |    35 |    26 ||    61
       Chain mail        |       |    12 ||    12
Dodge: Dodged            |   107 |    72 ||   179

Table legend: (Time is in decaauts)
 A = Elapsed time spent in this place.
 B = Non-inter-level travel time spent in this place.
 C = Inter-level travel time spent in this place.
 D = Time resting spent in this place.
 E = Time spent auto-exploring this place.
 F = Levels seen in this place.
 G = Mean time per level.
                   A        B        C        D        E       F      G
               +--------+--------+--------+--------+--------+-----+--------+
         Total |   4366 |   4276 |     90 |   2687 |    811 |   3 | 1455.3 |
       Dungeon |   4366 |   4276 |     90 |   2687 |    811 |   3 | 1455.3 |
               +--------+--------+--------+--------+--------+-----+--------+

Top non-repeatable levels by time:
     D:2: 2102 daAuts
     D:1: 1650 daAuts
     D:3: 613 daAuts
